Map: Rooftop Terrace

Players

Mithrandir - Winner!

  • Race: Protoss Protoss
  • Spawn Location: 6:00

deadpool - Winner!

  • Race: Protoss Protoss
  • League: Platinum
  • Spawn Location: 7:00

Nebulon - Winner!

  • Race: Terran Terran
  • Spawn Location: 5:00

Infamous - Winner!

  • Race: Zerg Zerg
  • League: Gold
  • Spawn Location: 6:00

Roosevelt

  • Race: Terran Terran
  • Spawn Location: 1:00

Skaiwito

  • Race: Terran Terran
  • Spawn Location: 11:00

ACTRON

  • Race: Zerg Zerg
  • League: Platinum
  • Spawn Location: 12:00

Sirpaul

  • Race: Terran Terran
  • Spawn Location: 12:00

VOD

Have the link to the VOD?

Description

Time

  • Played on: April 12, 2018, 10:47 a.m.
  • Length: 17:14
Show
View Real Time Build Order
Export as new Build Order

Mithrandir Protoss - Winner!

Build Orders:  

Get SALT Encoding   

  12  0:18  Pylon  
  12  0:22  Pylon  
  12  0:50  Gateway  
  12  0:52  Forge  
  12  0:58  Pylon  
  12  1:03  Assimilator  
  12  1:40  Probe (Chrono Boost)  
  13  1:50  Assimilator  
  13  1:53  Probe (Chrono Boost)  
  14  1:58  Probe (Chrono Boost), Photon Cannon  
  14  2:01  Pylon  
  15  2:07  Probe  
  16  2:14  Cybernetics Core  
  16  2:19  Probe (Chrono Boost)  
  17  2:28  Probe (Chrono Boost)  
  18  2:33  Probe (Chrono Boost)  
  19  2:42  Photon Cannon  
  19  2:45  Probe  
  19  2:49  Warp Gate (Chrono Boost)  
  20  2:52  Pylon  
  20  2:57  Probe  
  21  3:12  Probe  
  22  3:19  Photon Cannon  
  22  3:22  Photon Cannon  
  22  3:40  Protoss Shields Level 1 (Chrono Boost)  
  22  3:49  Photon Cannon  
  22  3:53  Photon Cannon  
  22  3:58  Shield Battery  
  22  4:14  Pylon  
  22  4:27  Robotics Facility  
  22  4:35  Twilight Council  
  22  4:45  Gateway  
  22  5:13  Nexus  
  22  5:20  Probe (Chrono Boost)  
  23  5:26  Observer  
  24  5:31  Probe (Chrono Boost)  
  25  5:35  Probe (Chrono Boost)  
  26  5:46  Probe (Chrono Boost)  
  27  5:53  Probe (Chrono Boost)  
  27  5:55  Shield Battery  
  28  5:57  Pylon  
  28  6:00  Probe  
  29  6:12  Probe  
  29  6:17  Protoss Shields Level 2 (Chrono Boost)  
  32  6:25  Probe (Chrono Boost)  
  32  6:29  Probe (Chrono Boost)  
  32  6:36  Probe (Chrono Boost)  
  32  6:37  Stalker  
  32  6:39  Probe (Chrono Boost), Sentry  
  38  6:40  Probe (Chrono Boost)  
  39  6:52  Probe  
  39  6:53  Gateway  
  40  6:58  Gateway  
  40  7:04  Probe  
  41  7:10  Assimilator  
  41  7:12  Assimilator  
  41  7:14  Pylon  
  41  7:17  Pylon, Sentry  
  41  7:18  Sentry  
  45  7:37  Immortal  
  45  7:43  Stalker, Zealot  
  53  7:47  Charge  
  53  7:50  Probe (Chrono Boost)  
  55  8:01  Probe (Chrono Boost)  
  55  8:02  Probe (Chrono Boost)  
  56  8:06  Probe (Chrono Boost)  
  56  8:07  Zealot x3  
  56  8:08  Zealot  
  56  8:09  Probe  
  66  8:19  Immortal  
  70  8:21  Probe  
  70  8:26  Protoss Ground Weapons Level 1  
  71  8:29  Pylon  
  71  8:32  Pylon  
  71  8:34  Pylon  
  71  8:44  Stalker  
  71  8:45  Stalker  
  71  8:46  Stalker  
  71  8:48  Stalker  
  79  9:07  Stargate  
  79  9:11  Robotics Bay  
  79  9:17  Nexus  
  79  10:06  Pylon  
  79  10:08  Pylon  
  79  10:11  Assimilator  
  79  10:15  Assimilator  
  79  10:16  Phoenix  
  79  10:19  Observer Gravitic Boosters  
  81  10:23  Fleet Beacon  
  81  10:26  Observer  
  81  10:32  Stalker  
  81  10:33  Stalker  
  81  10:34  Sentry  
  81  10:35  Sentry  
  89  10:41  Phoenix  
  91  10:48  Probe, Observer  
  91  10:49  Protoss Ground Weapons Level 2  
  93  11:00  Probe  
  94  11:04  Zealot  
  94  11:05  Zealot x2  
  94  11:06  Phoenix, Zealot  
  94  11:09  Observer  
  105  11:12  Probe  
  106  11:27  Anion Pulse-Crystals  
  106  11:30  Phoenix  
  106  11:31  Observer  
  109  11:34  Mothership  
  109  11:37  Probe  
  118  11:41  Zealot x2  
  118  11:42  Zealot  
  118  11:43  Zealot  
  126  11:49  Probe  
  128  12:01  Probe  
  128  12:08  Carrier  
  128  12:22  Resonating Glaives  
  134  12:25  Extended Thermal Lance  
  134  12:30  Adept x4  
  134  12:31  Graviton Catapult  
  142  12:39  Protoss Air Weapons Level 1 (Chrono Boost)  
  142  12:55  Protoss Ground Armor Level 1  
  142  13:14  Colossus  
  154  13:45  Pylon x2  
  154  13:47  Pylon  
  148  13:49  Pylon  
  78  14:14  Stalker x3  
  78  14:15  Stalker  
  86  14:17  Disruptor (Chrono Boost)  
  89  14:25  Tempest  
  89  14:46  Disruptor  
  92  15:08  Tempest  
  96  15:21  Disruptor  
  96  15:27  Stalker x3  
  96  15:28  Stalker  
  68  15:51  Stalker  
  68  15:52  Stalker x3  
  84  15:57  Disruptor  
  84  15:58  Tempest  
  93  16:33  Disruptor  
  102  16:58  Nexus  
  102  17:00  Assimilator  
  102  17:04  Assimilator  
  102  17:08  Pylon  
  102  17:09  Pylon  
  102  17:10  Pylon  
  102  17:13  Pylon  
Show
View Real Time Build Order
Export as new Build Order

deadpool Protoss - Winner!

Build Orders: Nexus First 

Get SALT Encoding   

  12  0:02  Probe  
  13  0:14  Probe  
  14  0:26  Probe  
  15  0:46  Nexus  
  15  0:56  Pylon  
  15  1:14  Probe (Chrono Boost)  
  16  1:20  Gateway  
  16  1:25  Probe (Chrono Boost)  
  17  1:28  Assimilator  
  17  1:29  Probe (Chrono Boost)  
  17  1:31  Assimilator  
  18  1:40  Probe (Chrono Boost)  
  19  1:49  Probe (Chrono Boost)  
  19  1:50  Pylon  
  20  1:57  Probe (Chrono Boost)  
  20  2:00  Probe (Chrono Boost)  
  22  2:08  Probe (Chrono Boost)  
  24  2:10  Probe (Chrono Boost)  
  24  2:13  Cybernetics Core  
  24  2:15  Probe (Chrono Boost)  
  25  2:16  Probe (Chrono Boost)  
  26  2:26  Probe x2  
  28  2:37  Gateway  
  28  2:38  Probe  
  28  2:40  Gateway  
  29  2:44  Probe  
  29  2:51  Probe (Chrono Boost), Warp Gate  
  31  2:56  Probe (Chrono Boost)  
  32  3:06  Assimilator  
  32  3:07  Probe (Chrono Boost)  
  32  3:11  Probe (Chrono Boost), Assimilator  
  34  3:16  Probe (Chrono Boost)  
  34  3:18  Pylon  
  34  3:19  Probe (Chrono Boost)  
  36  3:23  Probe (Chrono Boost)  
  36  3:24  Probe (Chrono Boost)  
  38  3:38  Forge  
  38  3:43  Twilight Council  
  38  3:50  Stalker  
  38  3:51  Stalker x2  
  38  3:53  Probe (Chrono Boost)  
  46  4:03  Probe (Chrono Boost)  
  46  4:05  Probe (Chrono Boost)  
  46  4:08  Pylon  
  47  4:14  Probe (Chrono Boost)  
  47  4:15  Probe (Chrono Boost)  
  47  4:16  Photon Cannon  
  49  4:19  Probe  
  51  4:24  Probe (Chrono Boost)  
  51  4:31  Probe (Chrono Boost)  
  52  4:41  Photon Cannon  
  52  4:43  Probe (Chrono Boost)  
  52  4:44  Nexus  
  53  4:47  Probe (Chrono Boost)  
  53  4:48  Pylon  
  53  4:50  Pylon  
  53  4:52  Templar Archives  
  54  4:56  Gateway  
  54  4:58  Gateway  
  54  5:02  Pylon  
  54  5:06  Probe (Chrono Boost)  
  55  5:12  Photon Cannon  
  55  5:15  Probe (Chrono Boost)  
  55  5:17  Assimilator  
  55  5:20  Probe (Chrono Boost), Assimilator, Protoss Ground Weapons Level 1 (Chrono Boost)  
  57  5:33  Robotics Facility  
  57  5:34  High Templar x2  
  57  5:35  High Templar  
  63  5:38  Psionic Storm  
  63  5:56  Photon Cannon  
  63  5:57  Probe (Chrono Boost)  
  64  6:00  Probe (Chrono Boost)  
  65  6:07  Probe (Chrono Boost)  
  65  6:09  Probe (Chrono Boost)  
  67  6:13  Probe (Chrono Boost)  
  67  6:14  Probe (Chrono Boost)  
  67  6:15  Photon Cannon  
  69  6:21  Observer  
  70  6:43  Observer  
  71  6:50  Pylon  
  71  6:51  Pylon  
  71  6:52  Pylon  
  71  6:54  Probe  
  72  6:57  Probe  
  73  7:06  Probe  
  74  7:09  Probe  
  75  7:18  Probe  
  75  7:21  Probe  
  77  7:24  Stargate  
  77  7:25  Nexus, Stargate  
  77  7:30  Stargate  
  77  7:33  Stargate x2  
  77  7:36  Protoss Ground Weapons Level 2 (Chrono Boost)  
  77  7:37  Pylon  
  77  7:40  Pylon, High Templar x2  
  77  7:41  High Templar x3  
  77  7:42  Pylon, Protoss Air Weapons Level 1 (Chrono Boost)  
  87  7:45  Pylon  
  87  8:24  Fleet Beacon  
  87  8:26  Assimilator  
  87  8:27  Assimilator  
  87  8:29  Pylon x2  
  87  8:30  Pylon  
  87  8:31  Pylon  
  87  8:33  Photon Cannon  
  87  8:36  Photon Cannon  
  87  8:39  Photon Cannon  
  87  8:45  Shield Battery  
  87  8:46  Shield Battery  
  87  8:47  Shield Battery  
  87  8:52  Photon Cannon  
  87  8:53  Probe (Chrono Boost)  
  89  9:03  Probe (Chrono Boost)  
  89  9:08  Probe (Chrono Boost)  
  90  9:10  Stargate  
  90  9:11  Stargate  
  90  9:14  Stargate  
  90  9:15  Stargate  
  90  9:18  Shield Battery  
  90  9:20  Graviton Catapult  
  90  9:23  Photon Cannon  
  90  9:34  High Templar x4  
  98  9:39  Archon x2  
  98  9:42  Protoss Ground Armor Level 1 (Chrono Boost)  
  98  9:43  Carrier x2  
  110  9:55  Carrier  
  116  10:21  Protoss Air Weapons Level 2 (Chrono Boost)  
  116  10:26  Nexus, Observer  
  117  10:31  Assimilator  
  117  10:33  Assimilator  
  117  10:36  Robotics Bay  
  117  10:38  Pylon, Carrier  
  117  10:39  Pylon  
  123  10:48  Observer  
  124  10:56  Gateway  
  124  10:57  Gateway  
  124  11:00  Charge (Chrono Boost)  
  124  11:02  Gateway  
  124  11:26  Protoss Ground Weapons Level 3 (Chrono Boost)  
  124  11:37  Carrier x2  
  124  11:38  Carrier x2  
  148  11:40  Carrier  
  154  11:57  Observer Gravitic Boosters (Chrono Boost)  
  152  13:12  Mothership (Chrono Boost)  
  150  13:19  Carrier (Chrono Boost)  
  158  13:21  Carrier (Chrono Boost)  
  188  13:28  Carrier x2 (Chrono Boost)  
  188  13:29  Carrier (Chrono Boost)  
  188  13:53  Protoss Ground Armor Level 2 (Chrono Boost)  
  188  14:52  Cybernetics Core  
Show
View Real Time Build Order
Export as new Build Order

Nebulon Terran - Winner!

Build Orders:  

Get SALT Encoding   

  12  0:01  SCV  
  13  0:13  SCV  
  14  0:28  SCV  
  15  0:31  Supply Depot, Refinery  
  15  0:57  Barracks  
  15  0:59  SCV  
  15  1:00  Barracks  
  16  1:12  SCV  
  17  1:20  Refinery  
  17  1:24  SCV  
  18  1:27  Supply Depot  
  18  1:46  Reaper  
  19  1:48  Reaper  
  20  2:09  SCV  
  20  2:10  Supply Depot  
  21  2:18  Reaper  
  21  2:20  Reaper  
  21  2:21  SCV  
  24  2:33  Factory, SCV  
  25  2:45  SCV  
  22  4:18  Starport x2  
  22  4:22  SCV  
  23  4:33  Supply Depot  
  23  4:34  SCV  
  23  4:35  Supply Depot  
  23  4:36  Command Center  
  24  4:46  SCV  
  24  4:52  Armory  
  25  4:58  SCV  
  26  5:10  SCV  
  26  5:12  Starport Tech Lab  
  26  5:13  Starport Tech Lab  
  27  5:23  SCV  
  27  5:24  Fusion Core  
  28  5:35  SCV  
  29  5:38  Supply Depot  
  29  5:41  Supply Depot  
  29  5:47  SCV  
  30  5:51  SCV, Refinery  
  30  5:56  Terran Ship Weapons Level 1  
  31  5:59  SCV  
  31  6:03  SCV  
  33  6:11  Battlecruiser  
  33  6:16  Battlecruiser  
  45  6:20  SCV x2  
  47  6:26  Refinery  
  47  6:32  SCV x2  
  49  7:07  SCV x2  
  51  7:12  Supply Depot, Starport  
  51  7:14  Weapon Refit  
  51  7:15  Supply Depot  
  51  7:16  Battlecruiser  
  51  7:19  SCV  
  58  7:28  Orbital Command  
  58  7:31  Orbital Command  
  58  7:46  Battlecruiser  
  58  7:49  Starport Tech Lab  
  64  8:11  Battlecruiser  
  70  8:21  Terran Vehicle And Ship Armor Level 1  
  76  8:48  Battlecruiser  
  76  9:05  Armory  
  76  9:37  Battlecruiser  
  82  9:54  Battlecruiser  
  82  10:30  Battlecruiser  
  88  10:53  Battlecruiser  
  94  11:32  Battlecruiser  
  94  12:18  Battlecruiser  
  94  12:46  Terran Ship Weapons Level 2  
  94  12:49  Terran Vehicle And Ship Armor Level 2  
  94  13:08  Command Center  
  94  13:09  Refinery  
  94  13:14  Refinery  
  94  13:22  Starport  
  94  13:25  Starport  
  94  13:30  Supply Depot  
  94  13:33  Supply Depot  
  94  13:35  Supply Depot x2  
  94  13:39  SCV  
  94  13:52  SCV x2  
  94  13:54  Supply Depot  
  94  13:55  Supply Depot  
  96  14:04  SCV, Starport Reactor x2  
  97  14:15  Viking  
  97  14:16  Battlecruiser x2  
  111  14:32  SCV x2  
  111  14:34  Orbital Command  
  113  14:44  SCV x2  
  115  14:56  SCV x2  
  111  15:02  Battlecruiser  
  117  15:08  SCV  
  112  15:20  Battlecruiser  
  110  15:24  Viking  
  110  15:25  Viking x3  
  118  15:55  Battlecruiser  
Show
View Real Time Build Order
Export as new Build Order

Infamous Zerg - Winner!

Build Orders: Hatch First, Swarm Host 

Get SALT Encoding   

  12  0:03  Drone  
  13  0:26  Overlord  
  13  0:28  Drone  
  14  0:47  Hatchery  
  13  0:56  Drone x3  
  16  1:08  Drone  
  17  1:16  Extractor  
  16  1:22  Drone  
  17  1:31  Spawning Pool  
  16  1:46  Drone  
  17  1:47  Drone  
  18  2:01  Drone x2  
  20  2:12  Drone  
  21  2:18  Queen  
  21  2:21  Metabolic Boost  
  23  2:26  Zergling x4  
  23  2:27  Zergling x4  
  27  2:35  Overlord  
  27  2:53  Queen  
  29  3:12  Queen  
  31  3:24  Baneling Nest  
  30  3:28  Queen  
  33  3:34  Drone x2  
  33  3:35  Drone, Overlord  
  34  4:04  Queen  
  34  4:08  Drone x2  
  34  4:09  Drone, Overlord  
  39  4:11  Drone  
  37  4:38  Drone x3  
  40  4:48  Pneumatized Carapace  
  40  5:07  Evolution Chamber  
  39  5:08  Evolution Chamber  
  38  5:14  Spine Crawler  
  38  5:17  Spore Crawler  
  36  5:38  Spore Crawler  
  36  5:39  Drone  
  36  5:40  Drone x2, Spine Crawler  
  36  5:41  Drone  
  38  5:56  Zerg Melee Weapons Level 1  
  38  5:57  Zerg Missile Weapons Level 1  
  38  6:00  Drone x2  
  38  6:01  Drone x3  
  43  6:18  Hatchery  
  42  7:07  Zergling x2  
  42  7:08  Zergling x12  
  47  7:09  Zergling x6  
  52  7:38  Zergling x2  
  52  7:39  Zergling x10  
  52  7:43  Baneling x5  
  52  7:44  Baneling x7  
  58  7:45  Baneling x7  
  58  7:46  Baneling  
  58  9:18  Lair  
  58  9:23  Baneling  
  48  10:23  Drone x2  
  48  10:24  Drone x6  
  48  10:25  Drone x2  
  58  10:34  Extractor  
  57  10:36  Overlord x4  
  57  11:11  Infestation Pit  
  56  11:44  Drone x2  
  56  11:45  Drone x2, Overlord x2  
  56  11:46  Overlord x2  
  60  11:53  Zerg Missile Weapons Level 2, Zerg Melee Weapons Level 2  
  60  12:04  Extractor  
  59  12:24  Swarm Host  
  62  12:37  Drone x5  
  62  12:38  Drone  
  62  12:41  Extractor  
  66  13:13  Swarm Host x2  
  66  13:14  Swarm Host  
  75  13:24  Extractor  
  74  13:27  Extractor  
  73  13:52  Hive  
  73  13:59  Swarm Host x2  
  73  14:01  Swarm Host  
  82  14:10  Zerg Ground Armor Level 1  
  82  14:18  Drone x4  
  82  14:19  Drone x3  
  77  15:02  Swarm Host  
  77  15:03  Swarm Host x6  
  77  15:04  Swarm Host x3  
  105  15:22  Zergling x6  
  105  15:23  Zergling x12  
  105  15:24  Zergling x14  
  121  16:11  Baneling  
  121  16:12  Baneling x7  
  121  16:13  Baneling x8  
  121  16:14  Baneling x7  
  121  16:15  Baneling x5  
  121  16:16  Baneling x4  
Show
View Real Time Build Order
Export as new Build Order

Roosevelt Terran 

Build Orders:  

Get SALT Encoding   

  12  0:04  SCV  
  13  0:16  SCV  
  14  0:28  SCV  
  15  0:33  Supply Depot  
  15  0:47  Supply Depot  
  15  0:55  SCV  
  16  1:04  Supply Depot  
  16  1:07  SCV  
  16  1:09  Barracks  
  17  1:21  Barracks  
  17  1:25  Refinery  
  17  1:28  SCV  
  18  1:34  Refinery  
  18  1:40  Supply Depot  
  18  1:47  SCV  
  19  2:00  SCV  
  20  2:07  Marine  
  21  2:14  Barracks  
  21  2:19  Barracks Reactor  
  21  2:24  SCV  
  22  2:35  Supply Depot  
  22  2:36  SCV  
  23  2:42  Barracks Reactor  
  23  2:48  SCV  
  24  2:55  Barracks  
  24  3:00  Marine  
  24  3:01  Marine  
  24  3:05  Barracks Reactor  
  26  3:07  SCV  
  27  3:22  Engineering Bay  
  27  3:33  Marine x2  
  27  3:34  Marine x2  
  31  3:44  Marine x2  
  31  3:45  Marine  
  34  3:51  Marine  
  34  3:52  Planetary Fortress  
  35  4:08  Marine x4  
  35  4:09  Marine  
  40  4:14  Barracks Reactor  
  40  4:41  Command Center  
  40  4:57  Missile Turret  
  40  5:00  Missile Turret  
  40  5:03  Missile Turret  
  40  5:06  Supply Depot  
  40  5:15  Terran Infantry Weapons Level 1  
  40  5:18  SCV  
  41  5:37  Factory  
  41  5:57  SCV  
  41  6:02  Marine  
  41  6:03  Marine x3  
  46  6:04  Marine  
  46  6:09  SCV  
  46  6:10  Supply Depot  
  48  6:21  SCV  
  48  6:22  Missile Turret  
  49  6:27  Missile Turret  
  49  6:31  Missile Turret  
  49  6:33  SCV  
  49  6:36  SCV  
  51  6:43  Engineering Bay  
  51  6:46  SCV  
  52  6:48  SCV  
  52  6:51  Factory Tech Lab  
  53  6:56  Armory  
  53  6:58  SCV  
  54  7:07  Marine  
  54  7:08  Marine x2  
  56  7:09  Marine  
  56  7:10  SCV  
  59  7:16  Terran Infantry Armor Level 1  
  59  7:21  SCV  
  61  7:22  SCV  
  61  7:28  Starport  
  61  7:33  SCV  
  61  7:35  Marine x2  
  61  7:36  Marine  
  65  7:37  Marine  
  65  7:38  Marine  
  65  7:40  Marine  
  65  7:43  Marine  
  69  7:45  Marine  
  70  7:55  Refinery  
  70  7:58  Refinery  
  70  8:09  Command Center  
  70  8:18  Starport Reactor  
  70  8:26  Factory  
  70  8:36  Thor  
  70  8:37  Marine x2  
  70  8:38  Marine x2  
  80  8:45  Supply Depot  
  80  8:47  Supply Depot  
  80  8:50  SCV  
  81  8:59  Marine x2  
  81  9:00  Marine  
  81  9:01  Marine  
  81  9:02  Marine  
  86  9:16  Marine x2  
  86  9:17  Marine  
  88  9:21  Missile Turret  
  89  9:24  Missile Turret  
  89  9:28  Missile Turret  
  89  9:31  Marine x2, Missile Turret  
  89  9:32  Marine  
  92  9:43  Factory Tech Lab  
  92  9:48  Medivac x2  
  92  9:51  Terran Infantry Weapons Level 2  
  96  9:55  Hi-Sec Auto Tracking  
  96  10:04  Supply Depot  
  96  10:07  Missile Turret  
  96  10:19  Thor  
  102  10:26  SCV  
  103  10:35  Orbital Command  
  103  10:38  SCV  
  103  10:39  Medivac  
  106  10:46  Marine x3  
  106  10:47  Marine x3  
  112  10:50  SCV  
  113  10:59  Terran Ship Weapons Level 1  
  113  11:04  Supply Depot  
  113  11:06  Engineering Bay  
  113  11:14  SCV  
  114  11:20  Missile Turret  
  114  11:26  Marine x2, SCV  
  114  11:27  Marine x4  
  121  11:34  Marine x2  
  121  11:38  SCV  
  124  11:41  Supply Depot  
  124  11:44  Marine x2, Supply Depot  
  126  11:48  Neosteel Frame  
  126  11:56  Marine x4  
  126  11:57  Marine x2  
  132  12:02  Thor  
  132  12:06  Thor  
  144  12:31  Marine x2  
  144  12:32  Marine x3  
  149  12:51  Command Center  
  149  12:54  Supply Depot  
  149  12:55  Supply Depot  
  149  13:02  Supply Depot  
  149  13:05  Supply Depot  
  149  13:15  Marine x2, Thor  
  149  13:16  Marine x6  
  163  13:34  Factory  
  163  13:37  Missile Turret  
  163  13:41  Factory  
  163  13:43  Marine x5  
  163  13:44  Marine x3  
  162  13:58  Thor  
  162  14:01  Marine x5  
  162  14:02  Marine  
  173  14:10  Thor  
  179  14:28  SCV  
  180  14:39  Marine x7, Missile Turret  
  180  14:40  Marine, SCV  
  189  14:47  Building Armor  
  189  14:52  SCV  
  190  14:57  Supply Depot  
  176  15:03  Marine x2  
  176  15:04  Marine x6  
  124  15:21  Marine  
  119  15:29  Marine x3  
  119  15:30  Marine x4  
  119  15:34  Thor  
  131  15:39  Factory Tech Lab  
  131  15:41  Factory Tech Lab  
  113  15:46  SCV  
  90  15:52  SCV  
  71  15:59  SCV  
  71  16:01  Medivac x2  
  71  16:03  Marine x6  
  71  16:04  Marine x2, SCV  
  82  16:06  Thor x2  
  82  16:07  Thor  
  82  16:11  SCV  
  104  16:17  SCV, Thor  
  103  16:20  Marine  
  103  16:21  Marine  
  103  16:23  SCV  
  98  16:29  SCV  
  98  16:31  Medivac x2  
  103  16:41  Marine x5  
  103  16:42  Marine  
  97  16:50  Marine  
  97  16:51  Marine  
Show
View Real Time Build Order
Export as new Build Order

Skaiwito Terran 

Build Orders: MMM Bio 

Get SALT Encoding   

  12  0:18  SCV  
  13  0:30  SCV  
  13  0:35  Supply Depot  
  14  0:42  SCV  
  15  0:56  SCV  
  16  0:57  Supply Depot  
  16  1:18  Barracks  
  16  1:34  Engineering Bay  
  16  1:40  SCV  
  17  1:53  SCV  
  18  2:00  Engineering Bay  
  18  2:05  SCV  
  18  2:06  Barracks  
  19  2:09  Refinery  
  19  2:14  Refinery  
  19  2:17  SCV  
  20  2:29  SCV  
  21  2:53  Command Center  
  21  3:12  Ghost Academy  
  21  3:15  Barracks Tech Lab  
  21  4:01  Factory, Combat Shields  
  21  4:03  Barracks Tech Lab  
  21  4:12  SCV  
  21  4:16  Marine  
  23  4:21  Ghost  
  25  4:24  SCV  
  26  4:33  Marine  
  26  4:36  SCV x2  
  29  4:48  SCV x2  
  29  4:50  Marine  
  29  4:51  Marine  
  29  4:52  Factory Tech Lab  
  33  5:00  SCV x2  
  33  5:06  Terran Infantry Weapons Level 1  
  35  5:08  Marine  
  35  5:09  Marine  
  35  5:12  SCV  
  38  5:21  Armory  
  38  5:24  SCV  
  38  5:26  Marine  
  38  5:27  Marine  
  41  5:36  SCV  
  41  5:41  Barracks  
  42  5:44  Marine  
  42  5:48  Stimpack, SCV  
  44  5:52  Terran Infantry Armor Level 1  
  44  6:00  SCV  
  45  6:06  Supply Depot  
  45  6:17  Supply Depot  
  45  6:29  Barracks  
  45  6:30  Siege Tank  
  45  6:31  Supply Depot  
  48  6:40  Barracks Reactor  
  48  6:41  Supply Depot  
  48  6:42  Sensor Tower  
  48  6:54  Supply Depot, Personal Cloaking  
  48  7:02  Marine x2  
  50  7:18  Barracks, Refinery  
  50  7:19  Supply Depot  
  50  7:20  Marine x2, SCV  
  53  7:30  Siege Tank  
  53  7:32  SCV  
  57  7:37  Marine  
  57  7:38  Marine  
  57  7:41  Missile Turret, Refinery  
  59  7:44  SCV  
  60  7:55  Marine x2  
  60  7:56  SCV  
  63  8:00  Missile Turret  
  63  8:07  Barracks  
  63  8:08  SCV  
  64  8:13  Marine x2  
  66  8:20  SCV  
  66  8:22  Missile Turret  
  66  8:26  Terran Vehicle Weapons Level 1  
  67  8:32  SCV  
  68  8:36  Supply Depot  
  68  8:39  Supply Depot, Terran Infantry Weapons Level 2  
  68  8:41  Terran Infantry Armor Level 2  
  68  8:45  Missile Turret, SCV  
  69  8:53  Siege Tank  
  72  8:57  SCV  
  73  9:08  Barracks Reactor x2  
  73  9:10  Barracks Reactor  
  73  9:14  Marine x4  
  77  9:25  Siege Tank  
  80  9:32  Marine x4  
  78  9:49  Marine  
  78  9:50  Marine x3  
  69  9:57  Marine x3  
  69  9:58  Marine x3  
  75  10:07  Marine x2  
  75  10:08  Marine x2  
  73  10:15  Marine x5  
  73  10:16  Marine  
  79  10:25  Marine x3  
  79  10:26  Marine  
  83  10:31  Starport  
  83  10:33  Marine x6  
  87  10:43  Marine x4  
  86  10:51  Marine  
  66  11:03  Marine x2  
  66  11:04  Marine x5, Ghost  
  67  11:05  Ghost  
  54  11:33  Ghost  
  54  11:35  Starport Reactor  
  45  12:01  Ghost  
  22  12:30  Ghost  
Show
View Real Time Build Order
Export as new Build Order

ACTRON Zerg 

Build Orders: Pool First 

Get SALT Encoding   

  12  0:25  Spawning Pool  
  11  0:29  Overlord  
  11  0:41  Overlord  
  11  0:47  Drone  
  12  0:58  Drone  
  12  1:00  Drone  
  14  1:12  Queen  
  16  1:20  Extractor, Drone x2  
  16  1:21  Extractor  
  16  1:35  Drone x2  
  18  2:08  Hatchery  
  18  2:11  Lair  
  17  2:17  Drone  
  17  2:22  Drone  
  19  2:27  Drone  
  20  2:39  Drone  
  20  2:41  Drone  
  20  2:43  Drone  
  23  2:48  Drone  
  24  3:08  Drone  
  25  3:27  Hatchery  
  25  3:30  Spine Crawler  
  25  3:32  Drone  
  24  3:39  Spine Crawler  
  23  3:41  Drone  
  24  3:50  Spine Crawler  
  23  3:57  Spine Crawler  
  22  4:05  Queen  
  24  4:46  Spire  
  24  4:48  Drone x3  
  26  4:57  Drone x3  
  29  5:00  Drone x2  
  29  5:04  Drone  
  32  5:30  Drone x5  
  37  5:40  Extractor  
  36  5:43  Extractor  
  36  5:44  Drone x3  
  38  5:59  Drone x4  
  38  6:02  Overlord x2  
  42  6:31  Overlord x3  
  42  6:32  Overlord x2  
  42  6:35  Pneumatized Carapace  
  42  6:46  Drone x2  
  44  6:49  Drone  
  45  7:12  Drone  
  45  7:13  Drone x2  
  48  7:18  Extractor  
  48  7:19  Extractor  
  46  8:02  Drone x2  
  46  8:03  Drone x3  
  51  8:09  Overlord x3  
  51  8:15  Overseer  
  51  9:17  Mutalisk x4  
  51  9:18  Mutalisk x4  
  51  9:19  Mutalisk x5  
  51  9:20  Mutalisk x2  
  33  10:20  Lair  
  32  10:26  Drone  
  32  10:27  Drone x2, Spire  
  34  11:39  Corruptor x3  
  40  11:44  Corruptor x3  
  40  11:45  Corruptor x6  
  58  11:54  Corruptor  
  60  12:17  Corruptor x3  
  54  12:48  Corruptor x5  
  60  13:34  Corruptor x4  
  60  13:35  Corruptor x2  
  51  14:12  Corruptor x3  
  57  14:24  Corruptor  
Show
View Real Time Build Order
Export as new Build Order

Sirpaul Terran 

Build Orders:  

Get SALT Encoding   

  12  0:03  SCV  
  13  0:15  SCV  
  14  0:27  Supply Depot  
  14  0:32  SCV  
  15  0:49  SCV  
  16  0:57  Refinery  
  16  1:02  Barracks  
  16  1:04  SCV  
  16  1:10  Refinery  
  17  1:16  Barracks, SCV  
  18  1:29  SCV  
  19  1:41  SCV  
  20  1:51  Barracks Reactor  
  20  1:53  SCV  
  21  1:59  Engineering Bay  
  21  2:05  SCV  
  22  2:12  Factory  
  22  2:21  Barracks Tech Lab  
  22  2:43  Marine  
  22  2:44  Command Center  
  23  3:03  Supply Depot  
  23  3:07  Planetary Fortress  
  23  3:21  Marine  
  23  3:23  Marine  
  23  3:24  Marine  
  21  3:39  Marine  
  9  4:09  Hi-Sec Auto Tracking  
  9  4:21  Marine x2  
  9  4:22  Marine  
  12  4:29  SCV  
  13  4:41  SCV  
  14  4:53  SCV  
  15  5:11  SCV  
  16  5:15  SCV  
  17  5:23  SCV  
  18  5:34  Factory Tech Lab  
  18  5:35  SCV  
  19  5:47  SCV  
  20  5:58  Siege Tank  
  20  5:59  SCV  
  24  6:09  SCV  
  25  6:11  SCV  
  25  6:16  Marine  
  27  6:21  Marine, SCV  
  29  6:44  Terran Infantry Weapons Level 1  
  29  6:49  SCV  
  30  7:00  Missile Turret  
  30  7:01  SCV  
  31  7:12  SCV  
  31  7:13  SCV  
  33  7:24  SCV  
  33  7:25  SCV  
  33  7:26  Refinery  
  35  7:32  Refinery  
  35  7:36  SCV  
  36  7:37  SCV  
  36  7:39  Supply Depot  
  37  7:49  SCV  
  37  7:50  SCV  
  39  7:53  Supply Depot  
  39  7:57  Widow Mine  
  41  8:07  Marine x3  
  41  8:12  Combat Shields  
  44  8:18  Widow Mine  
  46  8:39  Terran Infantry Armor Level 1  
  46  8:45  Starport  
  46  9:05  Cyclone  
  49  9:13  Marine x2  
  49  9:14  Marine  
  52  9:31  Marine x3  
  52  9:34  Viking  
  57  9:40  Starport  
  57  9:41  Widow Mine  
  59  9:49  Marine x3  
  62  9:58  Missile Turret  
  62  10:05  Missile Turret  
  62  10:38  Supply Depot  
  62  10:59  Marine x3, Viking x2  
  67  11:17  Marine x3  
  65  11:29  Viking  
  67  11:35  Marine x3  
  70  11:51  Viking  
  70  11:52  Missile Turret  
  70  12:36  Supply Depot  
  70  12:41  Starport  
  70  12:50  Missile Turret  
  70  12:57  Marine, Viking x2  
  70  12:58  SCV, Widow Mine  
  78  13:49  SCV, Viking  
  78  13:50  Marine  
  78  13:51  Marine x2  
  78  13:52  Viking  
  78  13:54  Widow Mine  
  74  14:02  SCV  
  73  14:08  Marine  
  73  14:09  Marine x2  
  76  14:14  SCV  
  77  14:26  SCV  
  78  15:02  Marine  
  78  15:05  Marine x2  
  77  15:07  Viking x2  
  77  15:09  Widow Mine  
  77  15:10  Viking  
  70  15:20  Marine  
  66  15:22  Marine  
  66  15:23  Marine  
  68  15:30  Widow Mine  
  70  15:37  Viking x2  
  70  15:38  Marine  
  70  15:40  Marine, Viking  
  70  15:41  Marine  
  76  15:51  Supply Depot  
  76  15:52  Widow Mine  
  76  15:55  Supply Depot, Marine  
  73  15:58  Marine  
  73  15:59  Marine, Supply Depot  
  75  16:07  Viking  
  77  16:12  Viking x2  
  77  16:13  Marine  
  77  16:16  Marine x2  
  82  16:31  Marine  
  58  16:37  Viking  
  58  16:39  Missile Turret  
  60  16:42  Viking x2  
Tags
 
Add a new tag
Caveats
  • Supply blocks, unpowered buildings, or Contaminate may cause inaccurate times.
  • Supply counts are checked every 10 seconds.